 Dungeon Crawl Stone Soup version 0.31-a0-981-geadf994542 (webtiles) character file.

Game seed: 15442341959696824914

1502 AIAndy the Grappler (level 8, 0/45 (48) HPs)
             Began as an Octopode Shapeshifter on Nov 1, 2023.
             Was a Believer of Qazlal.
             Slain by a hound (5 damage)
             ... on level 6 of the Dungeon.
             The game lasted 00:11:08 (4295 turns).

AIAndy the Grappler (Octopode Shapeshifter)         Turns: 4295, Time: 00:11:08

HP:   0/45 (48)     AC:  1    Str: 15    XL:     8   Next: 82%
MP:   8/8           EV: 13    Int: 13    God:    Qazlal [**....]
Gold: 291           SH:  3    Dex: 11    Spells: 7/7 levels left

rFire   . .          .
                       - Unarmed
rCold   . . .        (no shield)
rNeg    . . .        (helmet currently unavailable)
rPois   .            g - amulet of magic regeneration
rElec   .            (no ring)
rCorr   .            (no ring)
SInv    .            (no ring)
Will    .....        (no ring)
Stlth   ++           (no ring)
HPRegen 0.27/turn    (no ring)
MPRegen 0.51/turn    (no ring)
                     (no ring)

%: no passive effects
@: beast-form, drained
A: beast (slay +4), almost no armour, amphibious, 8 rings, camouflage 1,
gelatinous body 1, (nimble swimmer 1), tentacles
a: Begin Untransformation, Renounce Religion, Upheaval


You were on level 6 of the Dungeon.
You worshipped Qazlal.
Qazlal was pleased with you.
You were a hulking beast.
You visited 1 branch of the dungeon, and saw 6 of its levels.
You also visited: Sewer.

You collected 291 gold pieces.


Innate Abilities, Weirdness & Mutations

You are a hulking beast.
Your limbs bulge with bestial killing power. (Slay +4)
You cannot wear most types of armour.
You are amphibious.
You can wear up to eight rings at the same time.
Your skin changes colour to match your surroundings (Stealth+).
Your rubbery body absorbs attacks. (AC +1, EV +1)
((You are camouflaged when in or above water. (Stealth+)))
You have tentacles for arms and can constrict up to eight enemies at once.


   Skills:
 - Level 1.0 Fighting
 - Level 2.0 Dodging
 + Level 8.1 Unarmed Combat
 + Level 7.5 Shapeshifting


You had 7 spell levels left.
You didn't know any spells.
Your spell library contained the following spells:

 Spells                   Type           Power      Damage    Failure   Level
 Apportation              Tloc           0%         N/A       30%         1
 Necrotise                Necr           0%         1d4       30%         1
 Slow                     Hex            0%         N/A       30%         1
 Summon Small Mammal      Summ           0%         N/A       30%         1
 Confusing Touch          Hex            0%         N/A       67%         3
 Sigil of Binding         Hex            0%         N/A       67%         3
 Vampiric Draining        Necr           0%         2d6       67%         3
 Malign Gateway           Summ/Tloc      0%         N/A       100%        7
 Summon Horrible Things   Summ           0%         N/A       100%        8

Inventory:

Hand Weapons
 v - the +7 trident "Othrom" {venom, *Slow rC+ Str+4 Int+3}
   (You found it on level 4 of the Dungeon)

   Str+4:     It affects your strength (+4).
   Int+3:     It affects your intelligence (+3).
   rC+:       It protects you from cold.
   *Slow:     It may slow you when you take damage.
 z - a +1 spear of venom
Missiles
 y - 3 throwing nets {=f}
Jewellery
 g - an amulet of magic regeneration (around mantle)
Talismans
 b - a beast talisman
 c - a flux talisman
Wands
 i - a wand of flame (21)
 p - a wand of mindburst (8)
 u - a wand of roots (6)
Scrolls
 h - 4 scrolls of identify {unknown}
 k - 2 scrolls of enchant armour {unknown}
 l - a scroll of brand weapon {unknown}
 m - 2 scrolls of summoning {unknown}
 r - a scroll of torment {unknown}
 s - a scroll of amnesia {unknown}
 t - a scroll of poison {unknown}
 w - a scroll of revelation {unknown}
 B - a scroll of noise {unknown}
 C - a scroll of acquirement {unknown}
 D - a scroll of blinking {unknown}
Potions
 a - 2 potions of lignification {!q}
 d - 2 potions of haste {unknown}
 e - a potion of heal wounds {@q2}
 f - 2 potions of attraction {unknown}
 j - 2 potions of magic {unknown}
 n - a potion of invisibility {unknown}
 o - a potion of cancellation {unknown}
 q - a potion of brilliance {unknown}
 x - 3 potions of curing {unknown}
 A - a potion of berserk rage {unknown}

Dungeon Overview and Level Annotations

Branches:
Dungeon (6/15)             Temple (0/1) D:4           Sewer (visited)

Altars:
Kikubaaqudgha
Okawaru
Qazlal
Ru
Uskayaw
Yredelemnul

......## ...)...####.
......### .........#
[##....? $# ........##
.#.......##. ..))......
o....#..... .........##
.......... ....>....)#
##...#.....
..........####.)zh......
..........#....○h°#
.#.#............)#####.#
.#.##...#####.........#
....#....# ####......#
.###..##># #.#.....#
.........## #.####..#
...#...#..# #..### ..
.#######..# ##....# . .#
##.#####.....#


You could see a hound, a wight and an orc.


Message History

The wight hits you with a +0 scimitar.
You feel drained.
You bludgeon the wight!
You destroy the wight!
Qazlal accepts your kill.
Your life force feels restored.
An orc comes into view. It is wielding a +0 flail.
Found a ring mail.
The wight hits you with a +0 hand axe.
You feel drained.
The wight hits you with a +0 short sword!
Things that are here:
a +0 scimitar; a +0 robe You closely miss the wight.
Your grab misses the wight. The hound bites you but does no damage.
The wight hits you with a +0 hand axe!
* * * LOW HITPOINT WARNING * * *
The wight misses you.
You are too injured to fight recklessly!
You are too injured to fight recklessly!
You bludgeon the wight! Your grab misses the wight.
Your squeeze misses the wight.
The wight is severely damaged.
The hound bites you.
* * * LOW HITPOINT WARNING * * *
You bludgeon the wight!
You destroy the wight!
Qazlal accepts your kill. The hound barely misses you.
The wight hits you with a +0 hand axe!
* * * LOW HITPOINT WARNING * * *
You feel drained.
* * * LOW HITPOINT WARNING * * *
The hound bites you.
You die...

Skill      XL: |  1  2  3  4  5  6  7  8 |
---------------+-------------------------+-----
Unarmed Combat | 4 5 6 8 |  8.1
Shapeshifting  | 4 5 6 7 |  7.5
Fighting       | |  1.0
Dodging        | |  2.0

Action                     |  1- 3 |  4- 6 |  7- 9 || total
---------------------------+-------+-------+-------++-------
  Melee: Unarmed           |    55 |   114 |   105 ||   274
         Constrict         |    12 |    28 |    27 ||    67
         Tentacles         |    11 |    12 |    25 ||    48
         Punch             |     2 |     8 |     4 ||    14
  Evoke: Wand              |       |     2 |       ||     2
    Use: Potion            |       |       |     3 ||     3
   Stab: Sleeping          |     2 |     4 |       ||     6
 Armour: Skin              |    24 |    37 |    81 ||   142
  Dodge: Dodged            |    24 |    67 |    77 ||   168
  Block: Other             |       |     2 |    13 ||    15

Levels and vault maps discovered:
D:1:      minmay_arrival_open_corners, layout_rooms, serial_aquarium,
          aquarium_bridge_island_large [aquarium_subvault_large_water,
          aquarium_subvault_wall, aquarium_subvault_bridge,
          aquarium_subvault_balcony, aquarium_subvault_wall],
          aquarium_bridge_square [aquarium_subvault_wall,
          aquarium_subvault_bridge, aquarium_subvault_balcony,
          aquarium_subvault_bridge], aquarium_window_1,
          aquarium_window_corridor_1, aquarium_window_fake, aquarium_view_2f,
          aquarium_view_2g, aquarium_pool_corner, hangedman_glass_garden
D:2:      layout_rooms, basic_altar, uniq_terence, uniq_sigmund
D:3:      layout_rooms, amcnicky_altar_gilded, dreamdust_ecumenical_altar_grove,
          kennysheep_another_room
D:4:      layout_basic, nicolae_ru_the_path_less_chosen,
          minmay_temple_entry_wispy, cheibrodos_sewer_entry_drain
D:5:      nicolae_cairo_tiling_large, layout_cave_pools,
          kennysheep_vampire_church, lemuel_crystal_altar, minmay_misc_feat_tiny
D:6:      black_bear_nest_1, layout_cave_pools,
          mainiacjoe_overflow_cross_hatched, nicolae_overflow_quartered_altars,
          serial_shops, shop, uniq_blork_the_orc

Notes
Turn   | Place    | Note
-------+----------+-------------------------------------------
     0 | D:1      | AIAndy the Octopode Shapeshifter began the quest for the
                  | Orb.
     0 | D:1      | Reached XP level 1. HP: 13/13 MP: 1/1
   163 | D:1      | Reached XP level 2. HP: 14/18 MP: 2/2
   402 | D:1      | Reached XP level 3. HP: 23/23 MP: 3/3
   868 | D:2      | Reached skill level 4 in Unarmed Combat
   868 | D:2      | Reached XP level 4. HP: 22/28 MP: 4/4
   894 | D:2      | Found a stormy altar of Qazlal.
   902 | D:2      | Became a worshipper of Qazlal Stormbringer
  1026 | D:2      | Reached skill level 4 in Shapeshifting
  1375 | D:2      | Noticed Sigmund
  1379 | D:2      | Reached XP level 5. HP: 20/33 MP: 5/5
  1384 | D:2      | Killed Sigmund
  1385 | D:2      | Reached skill level 5 in Unarmed Combat
  1385 | D:2      | Reached XP level 6. HP: 18/38 MP: 6/6
  1404 | D:2      | Noticed Terence
  1468 | D:2      | Killed Terence
  1469 | D:2      | Reached skill level 5 in Shapeshifting
  1539 | D:3      | Reached * piety under Qazlal
  1550 | D:3      | Found a basalt altar of Yredelemnul.
  1703 | D:3      | Found a faded altar of an unknown god.
  1992 | D:4      | Found a glowing drain.
  2002 | D:4      | Identified the +7 trident "Othrom" {venom, *Slow rC+ Str+4
                  | Int+3}
  2034 | Sewer    | Entered a sewer
  2246 | D:4      | Found a sacrificial altar of Ru.
  2273 | D:4      | Found a staircase to the Ecumenical Temple.
  2313 | D:4      | Reached XP level 7. HP: 39/43 MP: 7/7
  2327 | D:4      | HP: 1/43 [gnoll/+0 halberd[a gnoll bouda] (10)]
  2333 | D:4      | HP: 4/43 [gnoll/+0 whip[a gnoll bouda] (6)]
  2652 | D:4      | Reached ** piety under Qazlal
  2653 | D:4      | Reached skill level 6 in Unarmed Combat
  3037 | D:5      | Entered Level 5 of the Dungeon
  3045 | D:5      | HP: 4/43 [ufetubus (1)]
  3055 | D:5      | Reached skill level 6 in Shapeshifting
  3271 | D:5      | Found a hide-covered altar of Uskayaw.
  3317 | D:5      | Reached XP level 8. HP: 45/48 MP: 8/8
  3321 | D:5      | Reached skill level 7 in Unarmed Combat
  3695 | D:5      | Found an ancient bone altar of Kikubaaqudgha.
  3700 | D:5      | Reached skill level 7 in Shapeshifting
  4094 | D:6      | Noticed Blork the orc
  4100 | D:6      | Killed Blork the orc
  4155 | D:6      | Found an iron altar of Okawaru.
  4168 | D:6      | Reached skill level 8 in Unarmed Combat
  4295 | D:6      | Slain by a hound

Vanquished Creatures
  Sigmund (D:2)
  A water moccasin (D:5)
  An ogre (D:4)
  A phantom (D:5)
  2 centaurs (D:5)
  Blork the orc (D:6)
  A scorpion (D:5)
  3 wights (D:6)
  2 vampire bats (D:5)
  2 jellies
  A gnoll bouda (D:4)
  4 hounds
  3 iguanas
  Terence (D:2)
  A hell rat (Sewer)
  7 gnolls
  8 adders
  2 river rats (Sewer)
  A white imp (D:5)
  2 ufetubi (D:5)
  2 worms (D:2)
  2 dart slugs
  5 bats
  5 bat skeletons (D:5)
  2 bat zombies (D:5)
  9 endoplasms
  2 giant cockroaches (D:2)
  6 goblins
  8 hobgoblins
  7 jackals
  4 kobolds
  5 quokkas
  9 ball pythons
  6 frilled lizards
  12 rats
129 creatures vanquished.

Table legend: (Time is in decaauts)
 A = Elapsed time spent in this place.
 B = Non-inter-level travel time spent in this place.
 C = Inter-level travel time spent in this place.
 D = Time resting spent in this place.
 E = Time spent auto-exploring this place.
 F = Levels seen in this place.
 G = Mean time per level.
                   A        B        C        D        E       F      G
               +--------+--------+--------+--------+--------+-----+--------+
         Total |   4266 |   4143 |    123 |    171 |   3086 |   7 |  609.4 |
       Dungeon |   4097 |   3974 |    123 |    171 |   2972 |   6 |  682.8 |
         Sewer |    168 |    168 |      0 |      0 |    114 |   1 |  168.0 |
               +--------+--------+--------+--------+--------+-----+--------+

Top non-repeatable levels by time:
     D:5: 1047 daAuts
     D:4: 932 daAuts
     D:1: 834 daAuts
     D:2: 680 daAuts
     D:3: 404 daAuts
     D:6: 198 daAuts
   Sewer: 168 daAuts

Table legend:
 A = Non-vault XP
 B = Vault XP
 C = Vault XP percentage of total XP
 D = Non-vault monster count
 E = Vault monster count
 F = Vault count percentage of total count
                 A         B        C        D         E       F
            +---------+---------+-------+---------+---------+-------
      Total |    1668 |     548 |  24.7 |     105 |      24 |  18.6
            +---------+---------+-------+---------+---------+-------
        D:1 |      53 |       0 |   0.0 |      29 |       0 |   0.0
        D:2 |     115 |     259 |  69.3 |      28 |       2 |   6.7
        D:3 |      43 |       0 |   0.0 |      13 |       0 |   0.0
        D:4 |     270 |       2 |   0.7 |      11 |       2 |  15.4
        D:5 |     841 |     121 |  12.6 |      16 |       9 |  36.0
        D:6 |     346 |     100 |  22.4 |       8 |       1 |  11.1
      Sewer |       0 |      66 | 100.0 |       0 |      10 | 100.0
            +---------+---------+-------+---------+---------+-------
